[Event "Team 45 45 League T62"]
[Site "Internet Chess Club"]
[Date "2014.10.17"]
[Round "8"]
[White "tamtu"]
[Black "Shanghaied"]
[Result "0-1"]
[WhiteElo "2022"]
[BlackElo "1960"]
[Opening "King's Indian: Makagonov system (5.h3)"]
[ECO "E71"]
[Time "20:09:32"]
[TimeControl "2700+45"]

1. d4 Nf6 2. c4 g6 3. Nc3 Bg7 4. e4 d6 5. h3 O-O 6. Bg5 Na6 7. Nf3 Qe8 8. Be2 e5
9. d5 Nh5 10. g3 f5 11. exf5 gxf5 12. Nh4 Nf6 13. Qd2 Nc5 14. Bh6 Nfe4 15. Nxe4
Nxe4 16. Qc1 Qf7 17. Bxg7 Qxg7 18. Qe3 Nc5 19. O-O-O Bd7 20. Nf3 a5 21. Rhg1 a4
22. a3 Rab8 23. Nd2 b5 24. f4 b4 25. axb4 Rxb4 26. g4 exf4 27. Qa3 Nb3+ 28. Nxb3
Rxb3 29. Qxb3 axb3 30. gxf5 Bxf5 31. Rxg7+ Kxg7 32. Kd2 Bxh3 33. Rg1+ Kf6 34.
Bf3 Re8 35. Rh1 Bf5 36. Rh6+ Bg6 37. Rh1 Re3 38. Rf1 Kf5 39. Be2 Kg5 40. Rg1+
Rg3 41. Rf1 Be4 42. Rf2 f3 43. Bf1 Kf4 44. Kc3 Ke3 45. Rd2 Rg2 46. Rd1 Bc2 47.
Re1+ Kf2 48. Kd2 Rg1 {White resigns} 0-1

[Event "Team 45 45 League T62"]
[Site "Internet Chess Club"]
[Date "2014.10.19"]
[Round "8"]
[White "LazyPeon"]
[Black "achessman"]
[Result "0-1"]
[WhiteElo "1868"]
[BlackElo "1970"]
[Opening "QGD Slav: 3.Nf3"]
[ECO "D11"]
[Time "17:04:13"]
[TimeControl "2700+45"]

1. d4 d5 2. c4 c6 3. Nf3 e6 4. g3 dxc4 5. Bg2 b5 6. Ne5 Bb7 7. a4 Qc7 8. O-O Bd6
9. axb5 cxb5 10. Bxb7 Qxb7 11. Nc3 Nf6 12. b3 Nc6 13. bxc4 Nxe5 14. dxe5 Bxe5
15. Nxb5 O-O 16. Rb1 Qe4 17. Qd3 a6 18. Na3 Rfd8 19. Qxe4 Nxe4 20. Bb2 Bd6 21.
Rfd1 Bc5 22. Rxd8+ Rxd8 23. e3 h6 24. Rc1 Nxf2 25. Kxf2 Rd2+ 26. Kf3 Rxb2 27.
Nc2 a5 28. Nd4 Rxh2 29. Ra1 Bb4 30. Nc6 Bc3 31. Rc1 Bb2 32. Rd1 a4 33. Rd8+ Kh7
34. Nb4 Bc3 35. Rb8 Rb2 {White resigns} 0-1

[Event "Team 45 45 League T62"]
[Site "Internet Chess Club"]
[Date "2014.10.20"]
[Round "8"]
[White "Constrictor"]
[Black "Nathan-L"]
[Result "0-1"]
[WhiteElo "1679"]
[BlackElo "1800"]
[Opening "Bird's opening"]
[ECO "A03"]
[Time "18:00:31"]
[TimeControl "2700+45"]

1. f4 d5 2. Nf3 Nf6 3. b3 c5 4. Bb2 Nc6 5. e3 Bf5 6. Bb5 Qb6 7. Bxc6+ bxc6 8.
O-O e6 9. d3 Be7 10. Nbd2 a5 11. Ne5 h5 12. Qe2 c4 13. Kh1 cxd3 14. cxd3 Qb5 15.
Rae1 Bb4 16. e4 Bxd2 17. exf5 Bxe1 18. Rxe1 O-O 19. g4 d4 20. gxh5 Qd5+ 21. Kg1
exf5 22. h6 gxh6 23. Qf2 c5 24. Qh4 Kh7 25. Kf2 Rg8 26. Nf3 Ng4+ 27. Ke2 Rae8+
28. Ne5 Nxe5 29. fxe5 Rxe5+ 30. Kd1 Qf3+ 31. Kd2 Rg2+ 32. Kc1 Qxd3 {White
resigns} 0-1

[Event "Team 45 45 League T62"]
[Site "Internet Chess Club"]
[Date "2014.10.19"]
[Round "8"]
[White "GivePeasAChance"]
[Black "Frankly"]
[Result "1-0"]
[WhiteElo "1791"]
[BlackElo "1771"]
[Opening "English opening"]
[ECO "A20"]
[Time "11:00:35"]
[TimeControl "2700+45"]

1. c4 e5 2. g3 c6 3. Bg2 d5 4. cxd5 cxd5 5. Nf3 Nc6 6. O-O Nf6 7. d3 Be7 8. Nc3
O-O 9. a3 Bg4 10. h3 Bd7 11. b4 a6 12. Bb2 Qc8 13. Kh2 Rd8 14. Na4 Qc7 15. Rc1
Bd6 16. Qb3 b5 17. Nc5 Qb6 18. d4 e4 19. Ne5 Bxc5 20. Rxc5 Rac8 21. Rfc1 Be8 22.
f3 a5 23. fxe4 a4 24. Qc2 Ne7 25. exd5 Qd6 26. e4 Nh5 27. Qe2 f6 28. Bf3 Nxg3
29. Kxg3 fxe5 30. dxe5 Qg6+ 31. Kh2 Rxc5 32. bxc5 Qh6 33. Qg2 Bd7 34. Rg1 Ng6
35. Bc1 Qh4 36. e6 Qf6 37. Bg5 Qe5+ 38. Kh1 {Black resigns} 1-0

[Event "Team 45 45 League T62"]
[Site "Internet Chess Club"]
[Date "2014.10.19"]
[Round "8"]
[White "gtmorton"]
[Black "primerpaso"]
[Result "1-0"]
[WhiteElo "1889"]
[BlackElo "1957"]
[Opening "Torre attack (Tartakower variation)"]
[ECO "D03"]
[Time "20:00:41"]
[TimeControl "2700+45"]

1. d4 Nf6 2. Nf3 d5 3. Bg5 e6 4. e3 Be7 5. Bd3 O-O 6. Nbd2 c5 7. c3 b6 8. Ne5
Bb7 9. f4 Ne4 10. Bxe7 Qxe7 11. Qc2 Qh4+ 12. g3 Nxg3 13. Ndf3 Qh5 14. Bxh7+ Kh8
15. Bg6 fxg6 16. Qxg6 Nc6 17. Qxg3 Nxe5 18. Nxe5 Ba6 19. Qg2 Rf6 20. Rg1 Qh7 21.
Qg4 cxd4 22. cxd4 Re8 23. Rc1 Rh6 24. Nf7+ Kg8 25. Nxh6+ Qxh6 26. Rc7 {Black
resigns} 1-0

[Event "Team 45 45 League T62"]
[Site "Internet Chess Club"]
[Date "2014.10.18"]
[Round "8"]
[White "Portola"]
[Black "chessfish1"]
[Result "0-1"]
[WhiteElo "1823"]
[BlackElo "1905"]
[Opening "King's Indian: Torre attack"]
[ECO "A48"]
[Time "12:12:42"]
[TimeControl "2700+45"]

1. d4 Nf6 2. Nf3 g6 3. Bg5 Bg7 4. c3 O-O 5. h3 Ne4 6. Bf4 d6 7. Nbd2 Nxd2 8.
Qxd2 c5 9. e3 Nd7 10. Bc4 e5 11. dxe5 dxe5 12. Bg5 Qe8 13. Qc2 Nb6 14. Be2 Be6
15. e4 Qc6 16. O-O f5 17. exf5 gxf5 18. Rfd1 e4 19. Nh2 Be5 20. Qd2 Qc7 21. Nf1
f4 22. Kh1 f3 23. gxf3 exf3 24. Bd3 Bxh3 25. Bh6 Bg2+ 26. Kg1 Rf7 27. Qg5+ Kh8
28. Re1 Bf4 29. Qh4 Rg8 30. Bxf4 Rxf4 31. Qh2 Bxf1+ 32. Kxf1 Rfg4 33. Qh1 Rg1+
34. Qxg1 Rxg1+ 35. Kxg1 Qg7+ {White resigns} 0-1

[Event "Team 45 45 League T62"]
[Site "Internet Chess Club"]
[Date "2014.10.19"]
[Round "8"]
[White "f5"]
[Black "TerryMalloy"]
[Result "1-0"]
[WhiteElo "2137"]
[BlackElo "1890"]
[Opening "QGA, 4.Nc3"]
[ECO "D24"]
[Time "07:13:05"]
[TimeControl "2700+45"]

1. d4 d5 2. Nf3 Nf6 3. c4 dxc4 4. Nc3 a6 5. a4 Nc6 6. e3 Na5 7. Nd2 e5 8. Nxc4
Bb4 9. Nxe5 O-O 10. Bd3 Re8 11. O-O c5 12. Na2 Qb6 13. Nxb4 Qxb4 14. Bd2 Qb6 15.
Bc3 Be6 16. Bc2 Rad8 17. Qf3 Nb3 18. dxc5 Qxc5 19. Ra3 Nd2 20. Qe2 Nxf1 21. Qxf1
Ng4 22. Nf3 b5 23. axb5 axb5 24. b4 Qc7 25. h3 Nf6 26. Qb1 h6 27. Qa1 Qe7 28.
Nd4 Bd7 29. Ra7 Qd6 30. Ra6 Qe7 31. Ra7 Qd6 32. Ra6 Qe7 33. Nf5 Bxf5 34. Bxf5
Rd6 35. Ra7 Qd8 36. Qa2 Rd1+ 37. Kh2 Qd6+ 38. g3 Qd5 39. Qxd5 Nxd5 40. Bd4 Nxb4
41. Rb7 Nd5 42. Rxb5 Nc7 43. Rb2 Ne6 44. Bg4 Nxd4 45. Bxd1 Ne6 46. Rb7 Kf8 47.
Bb3 Re7 48. Rb8+ Re8 49. Rxe8+ Kxe8 50. Bxe6 fxe6 51. Kg2 Ke7 52. Kf3 g6 53. Ke4
Kf6 54. Kf4 Kf7 55. Ke5 Ke7 56. e4 Kf7 57. Kd6 Kf6 {Black resigns} 1-0

[Event "Team 45 45 League T62"]
[Site "Internet Chess Club"]
[Date "2014.10.18"]
[Round "8"]
[White "fledermaus"]
[Black "primerpaso"]
[Result "0-1"]
[WhiteElo "1889"]
[BlackElo "1978"]
[Opening "Nimzo-Indian: classical, 4...c5"]
[ECO "E38"]
[Time "19:00:59"]
[TimeControl "2700+45"]

1. d4 Nf6 2. c4 e6 3. Nc3 Bb4 4. Qc2 c5 5. dxc5 Na6 6. a3 Bxc3+ 7. Qxc3 Nxc5 8.
b4 Nce4 9. Qd4 d5 10. cxd5 Qxd5 11. Bb2 O-O 12. f3 Qxd4 13. Bxd4 Rd8 14. Rd1 e5
15. fxe4 exd4 16. e3 Bg4 17. Rxd4 Rxd4 18. exd4 Nxe4 19. Bd3 Re8 20. Kf1 Nd2+
21. Kf2 Rd8 22. Ke3 Nb3 23. h3 Bd1 24. Nf3 Bxf3 25. gxf3 Nxd4 26. Rc1 Nc6 27.
Be4 Re8 28. Kf4 Nd8 29. Bd5 Kf8 30. Rc7 Re7 31. Rc8 Ke8 32. Be4 Kd7 33. Rc1 Ne6+
34. Kg3 Kd8 35. h4 g6 36. h5 Rc7 37. Rd1+ Ke7 38. hxg6 hxg6 39. Re1 Kf6 40. Re3
Ng7 41. Rd3 Nh5+ 42. Kf2 Kg7 43. Rb3 f5 44. Bd3 Kf6 45. Bb5 Ke5 46. Be8 Rc2+ 47.
Ke1 Nf4 48. Re3+ Kf6 49. Kd1 Rc8 50. Ba4 Nd5 51. Re8 Nc3+ 52. Kd2 Rc7 53. Bb3
Nb1+ 54. Ke2 Nxa3 55. f4 Re7+ 56. Rxe7 Kxe7 57. Kd3 Nb5 58. Kc4 Nc7 59. Kd4 Kd6
60. Bf7 Ne6+ 61. Ke3 Nf8 62. Kd4 b6 63. Kc4 Ke7 64. Bg8 Ne6 65. Kb5 Nxf4 66. Ka6
g5 {White resigns} 0-1

[Event "Team 45 45 League T62"]
[Site "Internet Chess Club"]
[Date "2014.10.21"]
[Round "8"]
[White "santiagoelawad"]
[Black "SaltofLife"]
[Result "1/2-1/2"]
[WhiteElo "1998"]
[BlackElo "1943"]
[Opening "English opening"]
[ECO "A10"]
[Time "16:30:21"]
[TimeControl "2700+45"]

1. c4 g6 2. g3 Bg7 3. Bg2 d6 4. Nf3 Nc6 5. O-O e5 6. Nc3 f5 7. d3 Nf6 8. Rb1 h6
9. b4 Be6 10. b5 Ne7 11. Nd2 d5 12. cxd5 Nfxd5 13. Nxd5 Bxd5 14. Bxd5 Qxd5 15.
Qb3 Kf7 16. Ba3 Rhd8 17. Rfc1 Rac8 18. Nc4 b6 19. Ne3 Qxb3 20. Rxb3 c5 21. bxc6
Rxc6 22. Rbc3 Rdc8 23. Rxc6 Rxc6 24. Rxc6 Nxc6 25. Nd5 {Game drawn by mutual
agreement} 1/2-1/2

[Event "Team 45 45 League T62"]
[Site "Internet Chess Club"]
[Date "2014.10.19"]
[Round "8"]
[White "jonesey"]
[Black "frank001"]
[Result "0-1"]
[WhiteElo "1829"]
[BlackElo "1819"]
[Opening "Queen's pawn game"]
[ECO "D02"]
[Time "11:00:42"]
[TimeControl "2700+45"]

1. d4 d5 2. Nf3 e6 3. e3 f5 4. Bd3 Nf6 5. O-O c6 6. c4 Bd6 7. Nc3 O-O 8. Qc2 g6
9. Bd2 Nbd7 10. cxd5 exd5 11. Rfc1 Ne4 12. Be1 Qe7 13. Rab1 g5 14. b4 a6 15. a4
g4 16. Nd2 Ndf6 17. b5 axb5 18. axb5 Nxd2 19. Bxd2 Ne4 20. bxc6 bxc6 21. Nxe4
fxe4 22. Qxc6 Be6 23. Ba6 Rae8 24. Be1 Rf6 25. Rb7 Qf8 26. Ra7 Bb8 27. Ra8 Bxh2+
28. Kxh2 Rxa8 29. Bb4 Rxa6 30. Qxa6 Qxb4 31. Rc8+ Kg7 32. Ra8 g3+ 33. Kxg3 Bf7
34. Qa3 Qd2 35. f3 exf3 36. Qf8+ Kg6 37. gxf3 Qe1+ 38. Kg2 Qe2+ 39. Kg1 Qxe3+
{White resigns} 0-1

[Event "Team 45 45 League T62"]
[Site "Internet Chess Club"]
[Date "2014.10.15"]
[Round "8"]
[White "fishhead"]
[Black "Bryant-L"]
[Result "1-0"]
[WhiteElo "1900"]
[BlackElo "1683"]
[Opening "French: Tarrasch, open variation"]
[ECO "C07"]
[Time "17:00:27"]
[TimeControl "2700+45"]

1. e4 e6 2. d4 d5 3. Nd2 c5 4. Ngf3 Nf6 5. e5 Nfd7 6. c3 Nc6 7. Be2 a6 8. O-O b5
9. Re1 Qb6 10. Nf1 Bb7 11. h3 b4 12. Ng3 cxd4 13. cxd4 Na5 14. b3 Nc6 15. Be3
Na7 16. Qd2 Be7 17. Bd3 Nb5 18. Rac1 Nc3 19. Ne2 Qa5 20. Rc2 Rc8 21. Rec1 O-O
22. Nxc3 bxc3 23. Qe2 Ba3 24. Bxh7+ Kh8 25. Ng5 g6 26. Qg4 f5 27. Qh4 Kg7 28.
Bg8 Nf6 29. exf6+ Kxf6 30. Nxe6+ g5 31. Qxg5# {Black checkmated} 1-0

[Event "Team 45 45 League T62"]
[Site "Internet Chess Club"]
[Date "2014.10.17"]
[Round "8"]
[White "mattp108"]
[Black "Longonjo"]
[Result "1-0"]
[WhiteElo "1711"]
[BlackElo "1454"]
[Opening "Réti: King's Indian attack, Yugoslav variation"]
[ECO "A07"]
[Time "13:01:27"]
[TimeControl "2700+45"]

1. Nf3 d5 2. g3 Nf6 3. Bg2 c6 4. O-O Bg4 5. d3 Nbd7 6. Nbd2 e6 7. c3 Be7 8. Qc2
O-O 9. e4 dxe4 10. dxe4 e5 11. Nc4 Qc7 12. Re1 Rad8 13. Ne3 Rfe8 14. Nxg4 Nxg4
15. Bh3 Ngf6 16. Bg5 h6 17. Bxf6 Bxf6 18. Rad1 Nf8 19. Rxd8 Rxd8 20. Rd1 Rxd1+
21. Qxd1 Qd8 22. Qxd8 Bxd8 23. Nxe5 Bc7 24. Nc4 Ng6 25. f4 b5 26. Ne3 Bb6 27.
Kf2 Kf8 28. Bd7 Ne7 29. Kf3 a6 30. h4 Ng8 31. Bxc6 Nf6 32. e5 Bxe3 33. Kxe3 Ng4+
34. Kd4 Ke7 35. Bb7 a5 36. Kc5 {Black resigns} 1-0

[Event "Team 45 45 League T62"]
[Site "Internet Chess Club"]
[Date "2014.10.19"]
[Round "8"]
[White "parrot9"]
[Black "pokerram"]
[Result "1/2-1/2"]
[WhiteElo "1688"]
[BlackElo "1698"]
[Opening "Sicilian: Kan, 5.Nc3"]
[ECO "B43"]
[Time "09:02:53"]
[TimeControl "2700+45"]

1. e4 c5 2. Nf3 e6 3. d4 cxd4 4. Nxd4 a6 5. Nc3 Qc7 6. Bd3 Bc5 7. Nb3 Be7 8. Be3
Nf6 9. f4 d6 10. Qe2 Nc6 11. g4 b5 12. g5 Nd7 13. Qf2 Bb7 14. O-O-O Nb4 15. Be2
Bxe4 16. Bf3 Bxf3 17. Qxf3 Rc8 18. a3 Na2+ 19. Kb1 Nxc3+ {Game drawn by mutual
agreement} 1/2-1/2

[Event "Team 45 45 League T62"]
[Site "Internet Chess Club"]
[Date "2014.10.18"]
[Round "8"]
[White "idjit"]
[Black "Invicta-Knight"]
[Result "1-0"]
[WhiteElo "1589"]
[BlackElo "1477"]
[Opening "Scandinavian (center counter) defense"]
[ECO "B01"]
[Time "12:18:49"]
[TimeControl "2700+45"]

1. e4 d5 2. exd5 Qxd5 3. d4 g6 4. Nf3 Nh6 5. c4 Qd8 6. Nc3 Bg7 7. Bf4 Nf5 8. Nb5
Na6 9. Be5 c6 10. Bxg7 Nxg7 11. Nc3 Bg4 12. Be2 Qd7 13. h3 Bxf3 14. Bxf3 O-O-O
15. d5 cxd5 16. Nxd5 e6 17. Nf6 Qxd1+ 18. Rxd1 Rxd1+ 19. Kxd1 Nb4 20. Ke2 Ne8
21. Nxe8 Rxe8 22. a3 Nc6 23. Ke3 Ne5 24. Be2 b6 25. f4 Nd7 26. g4 f6 27. h4 h6
28. g5 Kc7 29. gxf6 Nxf6 30. Rg1 e5 31. Rxg6 exf4+ 32. Kxf4 Rxe2 33. Rxf6 Rxb2
34. Rxh6 Rc2 35. Rh7+ Kb8 36. Ke5 Rxc4 37. Kd5 Rg4 38. h5 Rh4 39. h6 Rg4 40. Rg7
{Black resigns} 1-0

[Event "Team 45 45 League T62"]
[Site "Internet Chess Club"]
[Date "2014.10.17"]
[Round "8"]
[White "Heian"]
[Black "ausya"]
[Result "1-0"]
[WhiteElo "1752"]
[BlackElo "1740"]
[Opening "Sicilian: Hungarian variation"]
[ECO "B27"]
[Time "20:00:20"]
[TimeControl "2700+45"]

1. e4 c5 2. Nf3 g6 3. c3 Bg7 4. Bc4 d6 5. h3 Nc6 6. d3 Nf6 7. O-O O-O 8. Nbd2
Nd7 9. a3 Nde5 10. Nxe5 Nxe5 11. f4 Nxc4 12. Nxc4 b5 13. Ne3 e6 14. Qf3 Bb7 15.
Qe2 d5 16. e5 d4 17. Ng4 h5 18. Nf2 dxc3 19. bxc3 Qd5 20. Ne4 Rfd8 21. Nd6 Rxd6
22. exd6 Bxc3 23. Bb2 Qd4+ 24. Rf2 Bxb2 25. Qxb2 Qxd6 26. Rc1 a6 27. Qc3 Rc8 28.
Re1 b4 29. Qb2 Qxd3 30. axb4 c4 31. Qc2 Qxc2 32. Rxc2 Bd5 33. Ra1 Ra8 34. Rca2
Bb7 35. b5 a5 36. Rxa5 Rd8 37. b6 c3 38. Rc5 Rd2 39. Rxc3 Rxg2+ 40. Kf1 Rb2 41.
Rc7 Rxb6 42. Ra7 Ba6+ 43. Kf2 Bd3 44. Rxf7 Bf5 45. Kg3 g5 46. fxg5 Rb3+ 47. Kf4
Rb8 48. h4 Re8 49. Ke5 Bd3 50. g6 Bxg6 51. Rg7+ Kh8 52. Rxg6 Rb8 53. Rxe6 Rc8
54. Kf6 Rg8 55. Ree7 Rf8+ 56. Kg6 Rg8+ 57. Kh6 Rg7 58. Ra8+ Rg8 59. Rh7# {Black
checkmated} 1-0

[Event "Team 45 45 League T62"]
[Site "Internet Chess Club"]
[Date "2014.10.19"]
[Round "8"]
[White "anna"]
[Black "QuieroAprender"]
[Result "1-0"]
[WhiteElo "1788"]
[BlackElo "1636"]
[Opening "Scandinavian (center counter) defense"]
[ECO "B01"]
[Time "18:01:08"]
[TimeControl "2700+45"]

1. e4 d5 2. exd5 Qxd5 3. Nc3 Qa5 4. Nf3 Bg4 5. h3 Qh5 6. Be2 f6 7. O-O Bxh3 8.
gxh3 Qxh3 9. Nh2 Nh6 10. d4 g5 11. Bf3 c6 12. Bg2 Qh4 13. Re1 f5 14. Nf3 Qh5 15.
Nxg5 Ng4 16. Nh3 Rg8 17. Qf3 Nd7 18. Bf4 Ndf6 19. Bg3 Bh6 20. Re2 O-O-O 21. Rxe7
Bd2 22. Rc7+ Kb8 23. Rxc6+ f4 24. Bxf4+ Bxf4 25. Qxf4+ Ka8 26. Rc7 Ne5 27. Qxf6
Nf3+ 28. Kh1 Rdf8 29. Qe6 Re8 30. Qd5 {Black resigns} 1-0

[Event "Team 45 45 League T62"]
[Site "Internet Chess Club"]
[Date "2014.10.18"]
[Round "8"]
[White "ElMarginal"]
[Black "sanjay2000"]
[Result "0-1"]
[WhiteElo "1512"]
[BlackElo "1494"]
[Opening "QGD: 4.Nf3"]
[ECO "D37"]
[Time "20:07:09"]
[TimeControl "2700+45"]

1. d4 d5 2. c4 e6 3. Nc3 Nf6 4. Nf3 Be7 5. e3 O-O 6. Bd3 c5 7. O-O Nc6 8. dxc5
Bxc5 9. cxd5 exd5 10. a3 Bb6 11. Ne2 Bg4 12. Ng3 Ne5 13. Be2 Bxf3 14. Bxf3 Qd7
15. Be2 Rac8 16. Bd2 d4 17. exd4 Bxd4 18. Rb1 Rfe8 19. Bg5 Neg4 20. Bxf6 Nxf6
21. h3 g6 22. Qb3 Qc7 23. Bf3 Qxg3 24. Qxb7 Rc2 25. Qb3 Rxf2 26. Rxf2 Qxf2+ 27.
Kh1 Re1+ 28. Rxe1 Qxe1+ 29. Kh2 Be5+ {White resigns} 0-1

[Event "Team 45 45 League T62"]
[Site "Internet Chess Club"]
[Date "2014.10.16"]
[Round "8"]
[White "tornado100"]
[Black "Baron500"]
[Result "1-0"]
[WhiteElo "1670"]
[BlackElo "1591"]
[Opening "Bishop's opening: Berlin defense"]
[ECO "C24"]
[Time "16:30:05"]
[TimeControl "2700+45"]

1. e4 e5 2. Bc4 Nf6 3. d3 Bc5 4. Nc3 d6 5. Na4 Bb6 6. Nxb6 axb6 7. f4 Bg4 8. Nf3
Nc6 9. h3 Bxf3 10. Qxf3 Nd4 11. Qf2 b5 12. Bb3 h6 13. O-O Nxb3 14. cxb3 Qe7 15.
f5 d5 16. Qe3 dxe4 17. dxe4 Qb4 18. Re1 O-O-O 19. a3 Qd4 20. Kh2 Qxe3 21. Bxe3
Nxe4 22. Bxh6 Rxh6 23. Rxe4 f6 24. Rg4 Rh5 25. Rf1 Rd7 26. a4 bxa4 27. bxa4 Kd8
28. b4 Ke8 29. b5 Kf7 30. Rc4 Ke7 31. a5 Kd8 32. a6 bxa6 33. bxa6 Ke7 34. a7 Rh8
35. Ra1 Ra8 36. Rc6 Kd8 37. Rca6 c5 38. R1a5 c4 39. Rc5 Raxa7 40. Rxa7 Rxa7 41.
Rxc4 Kd7 42. Re4 Kd6 43. Kg3 Kd5 44. Rb4 Re7 45. Kf3 Kc5 46. Re4 Rb7 47. g3 Rb3+
48. Re3 Rxe3+ 49. Kxe3 Kd5 50. g4 e4 51. h4 Ke5 52. h5 Kd5 53. g5 Ke5 54. h6
gxh6 55. gxh6 {Black resigns} 1-0

[Event "Team 45 45 League T62"]
[Site "Internet Chess Club"]
[Date "2014.10.20"]
[Round "8"]
[White "Buford-Julep"]
[Black "JustinL"]
[Result "0-1"]
[WhiteElo "1668"]
[BlackElo "1945"]
[Opening "QGD: Orthodox defense"]
[ECO "D63"]
[Time "15:19:09"]
[TimeControl "2700+45"]

1. d4 d5 2. c4 e6 3. Nc3 Nf6 4. Bg5 c6 5. e3 Be7 6. Nf3 O-O 7. Rc1 Nbd7 8. a3
Re8 9. Qc2 h6 10. Bh4 dxc4 11. Bxc4 b5 12. Ba2 Bb7 13. O-O a6 14. Rfd1 Qb6 15.
Bb1 g6 16. Bg3 Rac8 17. Ne5 Nf8 18. b4 a5 19. Nd3 Nd5 20. Nxd5 cxd5 21. Qd2 Rc4
22. Nc5 Rc8 23. bxa5 Qa7 24. Nxb7 Qxb7 25. Bd3 Bxa3 26. Bxc4 dxc4 27. Ra1 c3 28.
Qc2 b4 29. Rdb1 Qa6 30. Rxa3 bxa3 31. Qa4 c2 32. Rc1 Qd3 {White resigns} 0-1

[Event "Team 45 45 League T62"]
[Site "Internet Chess Club"]
[Date "2014.10.17"]
[Round "8"]
[White "kidcobra"]
[Black "sockbuf"]
[Result "1/2-1/2"]
[WhiteElo "1806"]
[BlackElo "1688"]
[Opening "Ruy Lopez: Schliemann defense"]
[ECO "C63"]
[Time "17:20:55"]
[TimeControl "2700+45"]

1. e4 e5 2. Nf3 Nc6 3. Bb5 f5 4. d4 fxe4 5. Nxe5 Nxe5 6. dxe5 c6 7. Nc3 cxb5 8.
Nxe4 b6 9. Qd5 Rb8 10. Bg5 Qc7 11. Nd6+ {Game drawn by mutual agreement} 1/2-1/2

[Event "Team 45 45 League T62"]
[Site "Internet Chess Club"]
[Date "2014.10.18"]
[Round "8"]
[White "pauliewoll"]
[Black "Bible-Believer"]
[Result "1-0"]
[WhiteElo "1637"]
[BlackElo "1515"]
[Opening "Sicilian: closed, Korchnoi variation"]
[ECO "B23"]
[Time "16:00:17"]
[TimeControl "2700+45"]

1. e4 c5 2. Nc3 e6 3. g3 d5 4. exd5 exd5 5. Bg2 Nf6 6. Nge2 Nc6 7. d4 cxd4 8.
Nxd4 Bg4 9. f3 Bh5 10. O-O Bc5 11. Re1+ Be7 12. Nf5 O-O 13. Nxe7+ Nxe7 14. Bg5
Qb6+ 15. Be3 Qxb2 16. Bd4 Nc6 17. Bxf6 gxf6 18. Nxd5 Rad8 19. Rb1 Qxa2 20. Nxf6+
Kh8 21. Qc1 Bg6 22. Rxb7 Qxc2 23. Qxc2 Bxc2 24. Rc1 Nd4 25. Kf2 Rd6 26. Ne4 Bxe4
27. fxe4 a5 28. Ke3 Kg8 29. Rc4 Rfd8 30. e5 Nf5+ 31. Ke4 Rd2 32. Kxf5 Rxg2 33.
Rg4+ Kf8 34. Kf6 Rf2+ 35. Rf4 Rxf4+ 36. gxf4 Ra8 37. Rxf7+ Kg8 38. Rg7+ Kh8 39.
f5 Ra6+ 40. e6 a4 41. Kf7 Ra8 42. e7 a3 43. Rg2 a2 44. Rxa2 {Black resigns} 1-0

[Event "Team 45 45 League T62"]
[Site "Internet Chess Club"]
[Date "2014.10.16"]
[Round "8"]
[White "KidRattler"]
[Black "bayoumicardio10"]
[Result "0-1"]
[WhiteElo "1469"]
[BlackElo "1728"]
[Opening "King's pawn opening"]
[ECO "B07"]
[Time "16:02:51"]
[TimeControl "2700+45"]

1. e4 d6 2. f4 Nf6 3. Nc3 g6 4. d3 Bg7 5. Nf3 c5 6. h3 Nc6 7. a3 Nh5 8. g4 Ng3
9. Rg1 Nxf1 10. Rxf1 Nd4 11. Bd2 h5 12. f5 hxg4 13. hxg4 gxf5 14. gxf5 Kd7 15.
Nxd4 Bxd4 16. Qb1 Qg8 17. Ne2 Rh2 18. Bf4 Rg2 19. Nxd4 cxd4 20. Qd1 Qh7 21. Rf2
Qh4 22. Qf3 Rg1+ 23. Kd2 Rxa1 24. e5 Qh1 25. e6+ fxe6 26. fxe6+ Kc7 27. Qxh1
Rxh1 28. Bg5 Bxe6 29. Bxe7 Rah8 30. Bf6 Rf8 31. Bxd4 Rxf2+ 32. Bxf2 Rh2 33. Ke1
b6 34. Kf1 Bf5 35. b4 Kc6 36. Ke1 Kb5 37. Bg3 Rxc2 38. Bxd6 Bxd3 39. a4+ Kxa4
40. b5 Kxb5 41. Bf4 a5 42. Kd1 a4 43. Be5 Kc4 44. Bf6 b5 45. Be7 b4 46. Bf6 a3
47. Bg5 a2 48. Bf6 b3 49. Bg5 a1=Q+ 50. Bc1 Qxc1# {White checkmated} 0-1

[Event "Team 45 45 League T62"]
[Site "Internet Chess Club"]
[Date "2014.10.19"]
[Round "8"]
[White "Signalman"]
[Black "xt"]
[Result "1-0"]
[WhiteElo "1771"]
[BlackElo "1635"]
[Opening "Queen's pawn game, Darooha variation "]
[ECO "D02"]
[Time "13:42:35"]
[TimeControl "2700+45"]

1. d4 d5 2. Nf3 Nf6 3. c4 e6 4. e3 Nbd7 5. Nbd2 Be7 6. Bd3 dxc4 7. Nxc4 c5 8.
O-O O-O 9. b3 b6 10. Bb2 Bb7 11. Rc1 cxd4 12. Bxd4 Nc5 13. Be2 Rc8 14. b4 Nce4
15. Qb3 Bd5 16. Qb2 Nd6 17. Nxd6 Qxd6 18. a3 Rfd8 19. Rxc8 Rxc8 20. Ba6 Rc6 21.
Be5 b5 {Black resigns} 1-0

[Event "Team 45 45 League T62"]
[Site "Internet Chess Club"]
[Date "2014.10.17"]
[Round "8"]
[White "SugarIslander"]
[Black "ticopatzer"]
[Result "0-1"]
[WhiteElo "1632"]
[BlackElo "1702"]
[Opening "Old Indian: Ukrainian variation"]
[ECO "A53"]
[Time "18:01:25"]
[TimeControl "2700+45"]

1. d4 d6 2. c4 Nf6 3. Nc3 e5 4. dxe5 dxe5 5. Qxd8+ Kxd8 6. Bg5 Be6 7. e3 Nd7 8.
Bd3 Bb4 9. Rd1 Bxc3+ 10. bxc3 Ke7 11. f4 h6 12. Bxf6+ Nxf6 13. f5 Bd7 14. e4 Bc6
15. Nf3 Nxe4 16. Nxe5 Nxc3 17. Nxc6+ bxc6 18. Rd2 Rhd8 19. O-O Rab8 20. Rff2 Kf6
21. g4 Rd4 22. h3 Rbd8 23. Rf3 Ne4 24. Bxe4 Rxd2 25. Ra3 Re2 26. Bg2 Rd1+ 27.
Kh2 Rdd2 28. Kg3 Rxg2+ 29. Kh4 g5+ 30. fxg6 fxg6 31. Rf3+ Kg7 32. c5 Rxa2 33.
Rf7+ Kxf7 {White resigns} 0-1

[Event "Team 45 45 League T62"]
[Site "Internet Chess Club"]
[Date "2014.10.19"]
[Round "8"]
[White "craftsman49868"]
[Black "evan7284"]
[Result "1-0"]
[WhiteElo "1622"]
[BlackElo "1540"]
[Opening "QGD: 3.Nc3"]
[ECO "D31"]
[Time "09:00:17"]
[TimeControl "2700+45"]

1. d4 d5 2. c4 e6 3. Nc3 f5 4. Bf4 c6 5. e3 Nf6 6. Nf3 Bd6 7. Bd3 O-O 8. O-O Ne4
9. Bxd6 Qxd6 10. Qb3 Kh8 11. Ne2 Nd7 12. Nf4 b6 13. Bxe4 fxe4 14. Ng5 Nf6 15.
Qc3 Kg8 16. Rac1 h6 17. Ngh3 Bb7 18. Ng6 Ng4 19. Ne5 Nxe5 20. dxe5 Qe7 21. Nf4
Kh7 22. Qc2 Rf5 23. cxd5 exd5 24. e6 c5 25. f3 g5 26. fxe4 dxe4 27. Nh3 Rxf1+
28. Rxf1 Qxe6 29. Qf2 Kg7 30. b3 Ba6 31. Qb2+ Kg6 32. Rf2 Rd8 33. Rd2 Rxd2 34.
Qxd2 Qf6 35. Nf2 Qa1+ 36. Nd1 Bd3 37. Kf2 Qb1 38. Kg3 Qc2 39. Qxc2 Bxc2 40. Nc3
Kf5 41. h3 h5 42. Nd5 Ke6 43. Nc3 Bd3 44. Kf2 b5 45. g3 a6 46. a3 c4 47. b4 Kd6
48. h4 g4 49. Ke1 Kc6 50. Kd2 Kd6 51. Kc1 Kc6 52. Kb2 Kd6 53. Nd1 Ke5 54. Kc3
Kd5 55. Nb2 Ke5 56. a4 Kd5 57. axb5 axb5 58. Nd1 Ke5 59. Kd2 Kf5 60. Nc3 Ke5 61.
Nxb5 Kd5 62. Nc3+ Kc6 63. Kc1 Kb6 64. Kb2 Kc6 65. Ka3 Bc2 66. Ne2 Bd3 67. Nd4+
Kb6 68. Kb2 Bf1 69. Kc3 Bd3 70. Ne6 {Black resigns} 1-0

[Event "Team 45 45 League T62"]
[Site "Internet Chess Club"]
[Date "2014.10.20"]
[Round "8"]
[White "Elalfer"]
[Black "QuieroAprender"]
[Result "0-1"]
[WhiteElo "1508"]
[BlackElo "1647"]
[Opening "Old Indian defense"]
[ECO "A53"]
[Time "21:10:20"]
[TimeControl "2700+45"]

1. d4 Nf6 2. c4 d6 3. Nf3 Bg4 4. e3 c6 5. Be2 e6 6. Nc3 Nbd7 7. O-O Be7 8. b3 d5
9. Bb2 O-O 10. Qc2 Bf5 11. Bd3 Bxd3 12. Qxd3 h6 13. Rfe1 Bb4 14. a3 Bxc3 15.
Bxc3 Ne4 16. c5 f5 17. a4 g5 18. g3 Ndf6 19. Ne5 Nd7 20. Nxd7 Qxd7 21. f3 Nf6
22. b4 a6 23. Rab1 g4 24. f4 Ne4 25. b5 axb5 26. axb5 Ra3 27. bxc6 bxc6 28. Rec1
Rfa8 29. Qc2 Rxc3 30. Qb2 Rxc1+ 31. Qxc1 Qa7 32. Rb6 Qa4 33. Qb1 Nd2 34. Rb8+
Kg7 35. Rb7+ Kg6 36. Qc1 Nf3+ 37. Kg2 Qa2+ 38. Rb2 Qa3 39. h4 h5 40. Qb1 Qxe3
41. Rb3 Qe2+ 42. Kh1 Qh2# {White checkmated} 0-1